AoeStats
← AiM | Facu1414

African Clearing

505796292Analyzed
4v4 RM · 21d ago on Sep 11, 2026· 31m 1s· 8 players
Game mode
Random Map
Map size
Large (8 player)
Population
200
Speed
Normal
Resources
Standard
Victory
Conquest
Starting age
Dark Age
Ending age
Imperial Age
RankedLock teamsTeams togetherTeam positionsShared explorationLock speedFull tech treeHidden civsTurbo modeCheats
Victory
Defeat
🇨🇱 Tupi · Chile
1582
+13
🇦🇷 Cumans · Argentina
1572
+14
🇨🇱 Huns · Chile
1497
+17
🇨🇱 Magyars · Chile
1274
+25
🇦🇷 Mapuche · Argentina
1800
-26
1731
-25
1460
-15
🇦🇷 Wu · Argentina
1067
-3
AiM | PoRRo
5:25 Loom
14:15 Feudal Age
18:40 Castle Age
16:53 Double-Bit Axe
17:00 Fletching
19:31 Bodkin Arrow
19:48 Husbandry
20:44 Bloodlines
20:50 Padded Archer Armor
23:21 Wheelbarrow
25:14 Ballistics
29:57 Thumb Ring
AiM | Pau
5:52 Loom
12:41 Feudal Age
15:43 Double-Bit Axe
24:48 Castle Age
24:26 Scale Barding Armor
25:04 Bloodlines
AiM | Facu1414
6:53 Loom
12:15 Feudal Age
13:03 Double-Bit Axe
14:51 Horse Collar
17:13 Gold Mining
19:09 Scale Barding Armor
19:14 Forging
19:56 Bloodlines
23:03 Wheelbarrow
27:07 Castle Age
28:09 Chain Barding Armor
28:25 Iron Casting
AiM | Shuffle
12:26 Loom
14:13 Feudal Age
15:53 Double-Bit Axe
18:39 Castle Age
24:30 Castle Age
28:39 Double-Bit Axe
EnanaAtomica
13:53 Feudal Age
12:10 Loom
17:57 Castle Age
16:13 Double-Bit Axe
26:35 Fletching
30:08 Elite Skirmisher
31:28 Bodkin Arrow
CTM | El Profesor Pingafales
10:04 Loom
12:50 Feudal Age
16:36 Castle Age
14:24 Double-Bit Axe
28:18 Redemption
28:28 Sanctity
30:04 Wheelbarrow
29:14 Town Watch
30:12 Bow Saw
31:11 Fervor
31:29 Hand Cart
CTMl cachi
13:06 Feudal Age
11:34 Loom
16:48 Castle Age
15:01 Double-Bit Axe
CTM | Lelouch Jogo Bonito
2:52 Loom
11:37 Feudal Age
15:20 Castle Age
13:56 Double-Bit Axe
15:12 Gold Mining
20:00 Town Watch
23:17 Ballistics
27:00 Scale Mail Armor
Connection lost

Rejoining the realm…

Still unreachable

The connection could not be restored.

Session expired

The server has moved on; the page needs a fresh start.